 Dungeon Crawl Stone Soup version 0.31-a0-986-g5e6e4ef867 (webtiles) character file.

Game seed: 17255150935943285388

294 sammy202020 the Ruffian (level 6, 0/47 HPs)
             Began as a Demonspawn Shapeshifter on Nov 17, 2023.
             Succumbed to mandarbmax's ghost's poison
             ... on level 4 of the Dungeon.
             The game lasted 00:03:51 (3437 turns).

sammy202020 the Ruffian (Demonspawn Shapeshifter)   Turns: 3437, Time: 00:03:52

Health: 0/47       AC:  6    Str: 17    XL:     6   Next: 11%
Magic:  6/6        EV: 10    Int: 11    God:
Gold:   358        SH:  0    Dex: 12    Spells: 5/5 levels left

rFire   . .          .
                       - Unarmed
rCold   . . .        (no shield)
rNeg    . . .        m - +0 scale mail
rPois   .            (helmet currently unavailable)
rElec   .            (cloak currently unavailable)
rCorr   .            (gloves currently unavailable)
SInv    .            (boots currently unavailable)
Will    +....        (no amulet) Stlth
                     (no ring)
HPRegen 0.27/turn    (no ring)
MPRegen 0.10/turn

%: no passive effects
@: confused, lethally poisoned (0 -> -27), beast-form, ambrosia-drunk,
enlightened, flying, hasted, very quick
A: beast (slay +2), hooves 1, ignite blood 1, powered by death 1
a: Begin Untransformation


You were on level 4 of the Dungeon.
You were a hulking beast.
You visited 1 branch of the dungeon, and saw 4 of its levels.

You collected 358 gold pieces.

Inventory:

Armour
 a - a +0 animal skin
 m - a +0 scale mail (worn)
Jewellery
 k - a ring of fire
Talismans
 c - a beast talisman
 d - a flux talisman
Scrolls
 e - 3 scrolls of fear
 g - a scroll of teleportation
 h - 2 scrolls of identify
Potions
 b - 6 potions of lignification
 f - a potion of haste
 i - a potion of brilliance


   Skills:
 * Level 3.2 Fighting
 + Level 1.7 Armour
 + Level 2.4 Dodging
 * Level 3.9 Unarmed Combat
 * Level 3.6 Shapeshifting


You had 5 spell levels left.
You didn't know any spells.
Your spell library was empty.

Dungeon Overview and Level Annotations

Branches:
Dungeon (4/15)
 Temple: D:4-7

Altars:
Yredelemnul

Shops:
D:1 :   D:2 ?

Annotations:
D:4 mandarbmax's ghost, amateur VSBr


Innate Abilities, Weirdness & Mutations

You are a hulking beast.
Your limbs bulge with bestial killing power. (Slay +2)
You have large cloven feet.
Your demonic aura sometimes causes spilled blood to erupt in flames.
You regenerate a little health from kills.


Message History

Mandarbmax's ghost is severely damaged.
You feel sick.
It was a potion of ambrosia.
You are confused.
You feel invigorated.
You feel sick. Mandarbmax's ghost hits you.
You are lethally poisoned!
You barely miss mandarbmax's ghost.
Mandarbmax's ghost is severely damaged.
* * * LOW HITPOINT WARNING * * *
You feel very sick.
You feel as though your hastened speed will last longer.
* * * LOW HITPOINT WARNING * * *
You feel sick. Mandarbmax's ghost hits you.
* * * LOW HITPOINT WARNING * * *
You are more poisoned.
You bump into the stone wall.
* * * LOW HITPOINT WARNING * * *
You feel very sick.
For a moment, mandarbmax's ghost blends into the shadows.
Mandarbmax's ghost closely misses you.
You miss mandarbmax's ghost.
Mandarbmax's ghost is severely damaged.
* * * LOW HITPOINT WARNING * * *
You feel very sick.
You bump into the stone wall.
* * * LOW HITPOINT WARNING * * *
You feel very sick. Mandarbmax's ghost hits you.
* * * LOW HITPOINT WARNING * * *
You are more poisoned.
You hit mandarbmax's ghost. Your kick misses mandarbmax's ghost.
Mandarbmax's ghost is almost destroyed.
* * * LOW HITPOINT WARNING * * *
You feel very sick. Mandarbmax's ghost hits you.
* * * LOW HITPOINT WARNING * * *
You are more poisoned.
* * * LOW HITPOINT WARNING * * *
You feel very sick.
You die...

#..#....#...†#####
##.##...#..#..#..#
#####.....##....#
###...........#
#.......#.#######
##......###......###
##.....####.........#
#..................##
###...#.#.h..........# ###
#....####...#....##.##
###.###..#######W###..#####
..#....###.#.#.#Z##...### ###
.........#.....#Z.###...###.##
....#....##)...'..###..##.#..##
....##..##.?...'...#..........##
........###....'..####.........#
......#..#.....#..# ##........#


You could see mandarbmax's ghost, a bullfrog skeleton and a howler monkey
skeleton.

Vanquished Creatures
  An ogre (D:3)
  A scorpion (D:4)
  2 iguanas (D:4)
  2 adders
  3 worms (D:2)
  2 dart slugs
  An orc (D:4)
  8 ball pythons
  3 bats
  8 endoplasms
  10 giant cockroaches
  5 goblins
  A hobgoblin (D:1)
  2 jackals (D:3)
  2 quokkas
  3 frilled lizards
  8 kobolds
  3 rats
65 creatures vanquished.

Notes
Turn   | Place    | Note
-------+----------+-------------------------------------------
     0 | D:1      | sammy202020 the Demonspawn Shapeshifter began the quest for
                  | the Orb.
     0 | D:1      | Reached XP level 1. HP: 15/15 MP: 1/1
    11 | D:1      | Found Kimin's Vocational Training.
    37 | D:1      | Found a faded altar of an unknown god.
   134 | D:1      | Gained mutation: You regenerate a little health from kills.
                  | [demonic ancestry]
   134 | D:1      | Reached XP level 2. HP: 8/21 MP: 2/2
  1055 | D:2      | Reached XP level 3. HP: 25/27 MP: 3/3
  1439 | D:2      | Found Cixits's Magic Scroll Shop.
  1976 | D:3      | Reached skill level 1 in Armour
  2026 | D:3      | Gained mutation: Your demonic aura sometimes causes spilled
                  | blood to erupt in flames. [demonic ancestry]
  2026 | D:3      | Reached XP level 4. HP: 32/33 MP: 4/4
  2184 | D:3      | Noticed an ogre
  2198 | D:3      | Killed an ogre
  2199 | D:3      | Gained mutation: You have large cloven feet. [demonic
                  | ancestry]
  2199 | D:3      | Reached XP level 5. HP: 19/39 MP: 5/5
  2669 | D:4      | Found a basalt altar of Yredelemnul.
  2692 | D:4      | Found a runed translucent gate.
  2692 | D:4      | Found a runed translucent gate.
  2693 | D:4      | Found a runed translucent gate.
  2694 | D:4      | Noticed mandarbmax's ghost (amateur VSBr)
  3177 | D:4      | Reached XP level 6. HP: 39/47 MP: 6/6
  3437 | D:4      | Succumbed to mandarbmax's ghost's poison

Illustrated notes

Levels and vault maps discovered:
D:1:      dpeg_arrival_radiant, layout_loops_cross, basic_ecumenical_altar,
          nicolae_shop_vocational
D:2:      layout_basic, serial_shops, nicolae_shop_rolled_up, nicolae_the_louvre
D:3:      layout_loops_ring
D:4:      layout_cave_pools, mainiacjoe_overflow_concentric_impassable,
          gammafunk_ghost_necromancy

Skill      XL: |  1  2  3  4  5 |
---------------+----------------+-----
Unarmed Combat | 3 |  3.9
Shapeshifting  | 3 |  3.6
Dodging        | 2 |  2.4
Fighting       | 2 3 |  3.2
Armour         | 1 |  1.7

Action                     |  1- 3 |  4- 6 || total
---------------------------+-------+-------++-------
  Melee: Unarmed           |   118 |    94 ||   212
         Punch             |     1 |     1 ||     2
         Kick              |       |    13 ||    13
    Use: Scroll            |     6 |     2 ||     8
         Potion            |       |     5 ||     5
   Stab: Sleeping          |     4 |       ||     4
 Armour: Animal skin       |     9 |       ||     9
         Ring mail         |    36 |       ||    36
         Scale mail        |       |    41 ||    41
  Dodge: Dodged            |    51 |    38 ||    89

Table legend: (Time is in decaauts)
 A = Elapsed time spent in this place.
 B = Non-inter-level travel time spent in this place.
 C = Inter-level travel time spent in this place.
 D = Time resting spent in this place.
 E = Time spent auto-exploring this place.
 F = Levels seen in this place.
 G = Mean time per level.
                   A        B        C        D        E       F      G
               +--------+--------+--------+--------+--------+-----+--------+
         Total |   3416 |   3351 |     65 |    307 |   2465 |   4 |  854.0 |
       Dungeon |   3416 |   3351 |     65 |    307 |   2465 |   4 |  854.0 |
               +--------+--------+--------+--------+--------+-----+--------+

Top non-repeatable levels by time:
     D:1: 944 daAuts
     D:2: 905 daAuts
     D:4: 785 daAuts
     D:3: 781 daAuts
